AoeStats
← Zeratai

Golden Pit

503535237Analyzed
1v1 RM · 1mo ago on Sep 1, 2026· 46m 29s· 2 players
Game mode
Random Map
Map size
Tiny (2 player)
Population
200
Speed
Normal
Resources
Standard
Victory
Conquest
Starting age
Dark Age
Ending age
Imperial Age
RankedLock teamsTeams togetherTeam positionsShared explorationLock speedFull tech treeHidden civsTurbo modeCheats
Victory
Defeat
🇲🇽 Saracens · Mexico
1088
+17
🇵🇪 Spanish · Peru
1101
-17
Zeratai
7:21 Loom
9:57 Feudal Age
10:24 Double-Bit Axe
10:23 Horse Collar
21:55 Castle Age
21:36 Bloodlines
21:40 Padded Archer Armor
21:31 Fletching
22:09 Elite Skirmisher
26:54 Scale Mail Armor
27:10 Scale Barding Armor
29:10 Arson
31:33 Bow Saw
32:02 Heavy Plow
34:14 Husbandry
34:28 Scale Mail Armor
35:39 Forging
35:44 Chain Mail Armor
35:52 Chain Barding Armor
35:45 Pikeman
36:25 Squires
41:53 Imperial Age
39:43 Light Cavalry
41:55 Iron Casting
42:29 Wheelbarrow
42:41 Town Watch
44:25 Capped Ram
48:09 Blast Furnace
Mauricio 1783
11:16 Feudal Age
9:31 Loom
15:59 Castle Age
21:21 Fletching
21:29 Double-Bit Axe
26:16 Forging
30:24 Stone Mining
31:04 Husbandry
34:56 Iron Casting
42:18 Imperial Age
46:27 Bodkin Arrow
Connection lost

Rejoining the realm…

Still unreachable

The connection could not be restored.

Session expired

The server has moved on; the page needs a fresh start.